 Dungeon Crawl Stone Soup version 0.27.0 (webtiles) character file.

Game seed: 4618795645684365936

653 mainiacjoe the Cudgeller (level 7, -1/44 HPs)
             Began as a Gargoyle Fighter on July 31, 2021.
             Slain by a lemure (3 damage)
             ... led by Pikel
             ... on level 5 of the Dungeon.
             The game lasted 00:10:52 (5876 turns).

mainiacjoe the Cudgeller (Gargoyle Fighter)         Turns: 5876, Time: 00:10:52

Health: -1/44      AC: 12    Str: 21    XL:     7   Next: 54%
Magic:  7/7        EV:  7    Int:  9    God:
Gold:   245        SH:  9    Dex:  9    Spells: 6/6 levels left

rFire    . . .     SeeInvis .   a - +0 flail
rCold    . . .     Faith    .   c - +0 kite shield
rNeg     + . .     Spirit   .   j - +0 scale mail
rPois    ∞         Reflect  .   (no helmet)
rElec    +         Harm     .   (no cloak)
rCorr    .         Rampage  .   o - +0 pair of gloves
Will     .....                  (no boots)
Stlth    ..........             (no amulet)
HPRegen  0.14/turn              (no ring)
MPRegen  0.10/turn              (no ring)

@: no status effects
A: sickness immunity, AC +4, negative energy resistance 1, electricity
resistance, torment resistance 1, petrification resistance
a: no special abilities


You were on level 5 of the Dungeon.
You visited 1 branch of the dungeon, and saw 5 of its levels.

You collected 245 gold pieces.

Inventory:

Hand Weapons
 a - a +0 flail (weapon)
 b - a +0 hunting sling
Missiles
 d - 17 bolts
 g - 178 stones
 i - 34 arrows
 n - 17 sling bullets
 r - 5 poisoned darts (quivered)
Armour
 c - a +0 kite shield (worn)
 j - a +0 scale mail (worn)
 k - a +0 buckler
 o - a +0 pair of gloves (worn)
Scrolls
 h - a scroll of vulnerability
 l - a scroll of magic mapping
 q - a scroll of noise {unknown}
 t - a scroll of teleportation {unknown}
Potions
 m - 3 potions of curing
 p - a potion of cancellation
 u - a potion of resistance {unknown}


   Skills:
 - Level 5.0 Fighting
 * Level 7.4 Maces & Flails
 - Level 3.2 Armour
 - Level 3.2 Shields


You had 6 spell levels left.
You didn't know any spells.
Your spell library contained the following spells:

 Spells                   Type           Power      Damage    Failure   Level
 Magic Dart               Conj           0%         1d3       99%         1
 Call Imp                 Summ           0%         N/A       100%        2
 Static Discharge         Conj/Air       0%         N/A       100%        2
 Mephitic Cloud           Conj/Pois/Air  0%         N/A       100%        3
 Dispel Undead            Necr           0%         3d6       100%        4
 Passage of Golubria      Tloc           N/A        N/A       100%        4
 Sticky Flame             Conj/Fire      0%         2d3       100%        4
 Silence                  Hex/Air        0%         N/A       100%        5
 Borgnjor's Revivificati  Necr           0%         N/A       100%        8
 Lehudib's Crystal Spear  Conj/Erth      0%         10d2      100%        8
 Necromutation            Tmut/Necr      0%         N/A       100%        8
 Death's Door             Necr           0%         N/A       100%        9


Dungeon Overview and Level Annotations

Branches:
Dungeon (5/15)
 Temple: D:4-7

Altars:

Shops:
D:2 [

Annotations:
D:4 Pikel


Innate Abilities, Weirdness & Mutations

You are immune to sickness and miasma.
Your stone body is resilient. (AC +4)
You are immune to poison.
You resist negative energy. (rN+)
You are resistant to electric shocks. (rElec)
You are resistant to unholy torment.
You are immune to petrification.


Message History

You are more confused.
The lemure closely misses you.
Pikel pulsates ominously.
Pikel blinks!
You thump the lemure!
The lemure is moderately wounded.
The lemure barely misses you. Pikel blinks at you.
You are more confused.
You feel better. Pikel blinks at you. You resist with almost no effort.
The lemure closely misses you. You block the lemure's attack.
You miss Pikel. The lemure hits you but does no damage. The lemure hits you!
* * * LOW HITPOINT WARNING * * *
The lemure hits you.
* * * LOW HITPOINT WARNING * * *
Pikel blinks! x2
As you read the scroll of fear, it crumbles to dust.
You assume a fearsome visage.
The lemure is unaffected. x2
Pikel looks frightened!
Pikel blinks!
The lemure closely misses you. You block the lemure's attack.
There is a stone staircase leading down here.
You block the lemure's attack.
You climb downwards.
You block the lemure's attack.
There is a stone staircase leading up here.
The lemure hits you but does no damage.
You sock the lemure!
The lemure is moderately wounded.
You block the lemure's attack.
You closely miss the lemure.
The lemure is moderately wounded.
The lemure hits you.
* * * LOW HITPOINT WARNING * * *
The lemure hits you.
* * * LOW HITPOINT WARNING * * *
You hit the lemure.
The lemure is moderately wounded.
The lemure hits you.
You die...

#.# ###≈≈# ## #.#
#≈≈≈≈### #. #.#
###≈≈≈≈≈ #.# #.#
#####≈ ##.. #.# ##
#... #.###########
#.#.## #............
#.#..# ##............
#. #@###...........##
#.##5#.[)..........#
###...5.<#......######
#..((...##.####.#
.....[##....#.# #.# ##
###(..........####.#
#. ...#.####..##.....#
##. .K# # ##....#####
#.. 5 #.#..## #.#


You could see 2 lemures.

Vanquished Creatures
  A wyvern (D:4)
  A lemure (D:5)
  A phantom (D:1)
  A scorpion (D:2)
  A howler monkey (D:4)
  A jelly (D:4)
  An orc priest (D:5)
  A gnoll shaman (D:4)
  Ijyb (D:4)
  A hound skeleton (D:4)
  Robin (D:4)
  6 adders
  4 gnolls
  An adder skeleton (D:4)
  3 dart slugs
  3 orcs
  6 ball pythons
  6 endoplasms
  2 giant cockroaches
  15 goblins
  17 hobgoblins
  11 jackals
  5 kobolds
  2 quokkas
  6 bats
  5 frilled lizards
  2 rats (D:1)
105 creatures vanquished.

Vanquished Creatures (others)
  6 plants (D:1)
6 creatures vanquished.

Grand Total: 111 creatures vanquished

Notes
Turn   | Place    | Note
-------+----------+-------------------------------------------
     0 | D:1      | mainiacjoe the Gargoyle Fighter began the quest for the
                  | Orb.
     0 | D:1      | Reached XP level 1. HP: 14/14 MP: 1/1
    43 | D:1      | Reached XP level 2. HP: 2/19 MP: 2/2
   711 | D:1      | Found a faded altar of an unknown god.
   831 | D:1      | Reached skill level 3 in Maces & Flails
   893 | D:1      | Reached XP level 3. HP: 24/24 MP: 3/3
  1081 | D:2      | Noticed a phantom
  1111 | D:1      | Killed a phantom
  1112 | D:1      | Reached skill level 4 in Maces & Flails
  1112 | D:1      | Reached XP level 4. HP: 21/29 MP: 4/4
  1470 | D:2      | Reached XP level 5. HP: 30/34 MP: 5/5
  1832 | D:2      | Reached skill level 5 in Maces & Flails
  1983 | D:2      | Found Sehoill's Antique Armour Shop.
  2164 | D:3      | Reached XP level 6. HP: 39/40 MP: 6/6
  3252 | D:4      | Reached skill level 5 in Fighting
  3759 | D:4      | Reached skill level 6 in Maces & Flails
  3875 | D:4      | Noticed a wyvern
  3888 | D:4      | Killed a wyvern
  3889 | D:4      | Reached skill level 7 in Maces & Flails
  3889 | D:4      | Reached XP level 7. HP: 20/44 MP: 7/7
  4109 | D:4      | Noticed Ijyb
  4142 | D:4      | Killed Ijyb
  4448 | D:4      | Noticed Robin
  4458 | D:4      | Killed Robin
  5213 | D:5      | Entered Level 5 of the Dungeon
  5565 | D:5      | Noticed Pikel
  5571 | D:5      | Noticed Pikel
  5571 | D:5      | Pikel changed into Pikel the golden eye
  5824 | D:4      | HP: 1/44 [lemure[Pikel] (6)]
  5875 | D:5      | HP: 2/44 [lemure[Pikel] (4)]
  5876 | D:5      | Slain by a lemure

Illustrated notes

Levels and vault maps discovered:
D:1:      minmay_arrival_plants_in_alcoves, layout_rooms,
          ebering_ecumenical_altar_ruins
D:2:      minmay_diamond_boxcup, layout_basic, serial_shops,
          nicolae_shop_waterfront
D:3:      layout_loops_corners, moated_statue
D:4:      layout_cave_pools, roderic_serpentine_path, uniq_robin, uniq_ijyb
D:5:      layout_rooms, serial_shops, shop, chequers_serial_rivers_large_b,
          uniq_pikel, uniq_blork_the_orc

Skill      XL: |  1  2  3  4  5  6 |
---------------+-------------------+-----
Maces & Flails | 3 4 5 7 |  7.4
Fighting       | 4 5 |  5.0
Armour         | |  3.2
Shields        | |  3.2

Action                   |  1- 3 |  4- 6 |  7- 9 || total
-------------------------+-------+-------+-------++-------
Melee: Flail             |    79 |   209 |    99 ||   387
       Unarmed           |       |       |     9 ||     9
 Fire: Hunting sling     |       |     7 |    15 ||    22
Throw: Stone             |    29 |    99 |     6 ||   134
       Dart              |       |       |    17 ||    17
Evoke: Wand              |       |       |     1 ||     1
  Use: Scroll            |       |     4 |     3 ||     7
       Potion            |       |     2 |     2 ||     4
Armor: Scale mail        |    75 |    87 |    59 ||   221
       Skin              |       |       |     6 ||     6
Dodge: Dodged            |    41 |    59 |    39 ||   139
Block: Kite shield       |    54 |   111 |    40 ||   205
